cohdb
Replays
Latest Replays
All Replays
Popular Replays
Top Player Replays
Match Explorer
How It Works
Community
CoH3 Stats
Reddit
Sign in to upload your games and track your stats! →
Sign in with Steam
Match 39296456
Unlisted
Match 39296456
Overview
Messages
Build Orders
End
Kettenkrad Recon Vehicle
Construct Infanterie Kompanie
MG 42 Machine Gun Team
Grenadier Squad
MG 42 Machine Gun Team
Construct Panzergrenadier Kompanie
Panzergrenadier Squad
Pak 40 Anti-tank Gun Team
251 Medium Carrier
Support Elements
Selects Italian Coastal Battlegroup
Selects Support Bunkers
Selects Rapid Fortifications
Rapid Fortifications
Rapid Fortifications
Pak 40 Anti-tank Gun Team
Medical Bunker
Rapid Fortifications
MG 42 Bunker
Selects Coastal Reserves
Coastal Reserve
Selects Bulwark
StuG III G Assault Gun
Rapid Fortifications
MG 42 Bunker
Selects Artillery Officer
Artillery Officer
Rapid Fortifications
Anti-tank Bunker
Nebelwerfer 42 Rocket Launcher Team
Rapid Fortifications
Construct Panzer Kompanie
Repair Bunker
Selects Obice da 210/22 Artillery Emplacement
Rapid Fortifications
Anti-tank Bunker
Bighazelnut
L1ght_Vapez
0
0
Comments
sign in to comment!
No comments posted yet!